 Dungeon Crawl Stone Soup version 0.20.2-3-g29329e0561 (webtiles) character file.

861 Alfie the Cutter (level 8, -2/68 HPs)
             Began as a Hill Orc Fighter on Oct 6, 2023.
             Slain by a howler monkey skeleton (4 damage)
             ... on level 5 of the Dungeon.
             The game lasted 00:08:00 (3373 turns).

Alfie the Cutter (Hill Orc Fighter)                 Turns: 3373, Time: 00:08:01

Health: -2/68      AC:  7    Str: 21      XL:     8   Next: 2%
Magic:  8/8        EV:  8    Int:  8      God:
Gold:   92         SH:  9    Dex:  7 (10) Spells: 7/7 levels left

rFire    . . .     SeeInvis +   a - +0 rapier
rCold    . . .     Gourm    .   c - +0 shield
rNeg     . . .     Faith    .   b - +0 scale mail
rPois    .         Spirit   .   (no helmet)
rElec    .         Reflect  .   (no cloak)
rCorr    .         Harm     .   (no gloves)
MR       .....                  (no boots)
Stlth    ..........             (no amulet)
Regen    0.3/turn               i - ring of see invisible
MPRegen  0.2/turn               (no ring)

@: lethally poisoned (-2 -> -4)
A: no striking features
a: no special abilities


You were on level 5 of the Dungeon.
You were not hungry.

You visited 1 branch of the dungeon, and saw 5 of its levels.

You collected 92 gold pieces.

Inventory:

Hand Weapons
 a - a +0 rapier (weapon)
Missiles
 o - 12 tomahawks (quivered)
Armour
 b - a +0 scale mail (worn)
 c - a +0 shield (worn)
Jewellery
 g - an uncursed ring of resist corrosion
 i - a ring of see invisible (left hand)
 j - an uncursed ring of protection from fire
 p - an uncursed ring of stealth
 t - an uncursed ring of fire
 w - an uncursed ring of positive energy {unknown}
 y - a cursed -3 ring of strength {unknown}
Wands
 A - a wand of confusion (12/48)
Scrolls
 e - a scroll of remove curse
 h - a scroll of teleportation
 k - 2 scrolls of recharging {unknown}
 q - 2 scrolls of fog {unknown}
 s - a scroll of noise {unknown}
Potions
 d - a potion of might
 n - a potion of flight {unknown}
 r - a potion of agility {unknown}
 u - 2 potions of curing {unknown}
 x - a potion of brilliance
 z - a potion of ambrosia {unknown}
 C - a potion of resistance {unknown}
Comestibles
 f - 3 bread rations
 m - 2 meat rations


   Skills:
 + Level 5.2 Fighting
 + Level 5.7 Short Blades
 + Level 0.3 Throwing
 + Level 5.3 Armour
 + Level 1.7 Dodging
 + Level 0.1 Stealth
 + Level 5.4 Shields


You had 7 spell levels left.
You didn't know any spells.

Dungeon Overview and Level Annotations

Branches:
Dungeon (5/15)
 Temple: D:4-7

Altars:


Message History

* * * LOW HITPOINT WARNING * * *
The bullfrog skeleton closely misses you.
The howler monkey skeleton completely misses you.
You hit the howler monkey skeleton.
The howler monkey skeleton is moderately damaged.
You feel sick. The bullfrog skeleton hits you.
* * * LOW HITPOINT WARNING * * *
The howler monkey skeleton closely misses you.
You puncture the howler monkey skeleton!
The howler monkey skeleton is almost destroyed.
The bullfrog skeleton hits you.
* * * LOW HITPOINT WARNING * * *
The bullfrog skeleton hits you but does no damage.
The howler monkey skeleton hits you but does no damage.
You hit the howler monkey skeleton.
The howler monkey skeleton is almost destroyed.
You feel sick. The bullfrog skeleton hits you.
* * * LOW HITPOINT WARNING * * *
The howler monkey skeleton hits you.
You die...

# #.. ..<.# #
... ....# #.
...##.#.## #..
.#.......# ..#
.#.#..#.###
###..# #...#.#
#...#.# #.#.##.#
.....#.#.#......
...)..#@#....#
......†ZZ...#
.(..#...#####
..#......
#......#
#......#
.......##
.......##
.......


You could see a bullfrog skeleton and a howler monkey skeleton.

Vanquished Creatures
  Grinder (D:4)
  Eustachio (D:4)
  The ghost of Alfie the Skirmisher, an amateur HOFi (D:4)
  Purgy (D:4)
  2 scorpions
  An iguana (D:5)
  Robin (D:4)
  4 adders
  An ooze (D:2)
  2 worms (D:4)
  2 dart slugs (D:2)
  4 leopard geckos
  7 orcs
  A ball python (D:4)
  7 bats
  4 giant cockroaches
  13 goblins
  11 hobgoblins
  5 jackals
  2 quokkas (D:2)
  2 frilled lizards
  2 kobolds
  7 rats
82 creatures vanquished.

Notes
Turn   | Place    | Note
-------+----------+-------------------------------------------
     0 | D:1      | Alfie the Hill Orc Fighter began the quest for the Orb.
     0 | D:1      | Reached XP level 1. HP: 19/19 MP: 1/1
   131 | D:1      | Reached XP level 2. HP: 17/27 MP: 2/2
   902 | D:2      | Reached XP level 3. HP: 33/33 MP: 3/3
  1266 | D:2      | Reached XP level 4. HP: 18/40 MP: 4/4
  2457 | D:4      | Noticed Eustachio
  2468 | D:4      | Killed Eustachio
  2468 | D:4      | Reached skill level 1 in Dodging
  2468 | D:4      | Reached XP level 5. HP: 42/47 MP: 5/5
  2468 | D:4      | Reached XP level 6. HP: 47/53 MP: 6/6
  2525 | D:4      | Noticed Robin
  2537 | D:4      | Killed Robin
  2675 | D:4      | Noticed Grinder
  2692 | D:4      | Paralysed by Grinder for 6 turns
  2700 | D:4      | Paralysed by Grinder for 3 turns
  2715 | D:4      | Killed Grinder
  2715 | D:4      | Reached XP level 7. HP: 11/60 MP: 7/7
  2850 | D:4      | Reached skill level 5 in Fighting
  2850 | D:4      | Reached skill level 5 in Short Blades
  3057 | D:4      | Noticed Purgy
  3101 | D:4      | Killed Purgy
  3101 | D:4      | Reached skill level 5 in Armour
  3101 | D:4      | Reached skill level 5 in Shields
  3229 | D:4      | Noticed Alfie's ghost (amateur HOFi)
  3281 | D:4      | Killed Alfie's ghost
  3342 | D:5      | Entered Level 5 of the Dungeon
  3367 | D:5      | Reached XP level 8. HP: 12/68 MP: 8/8
  3373 | D:5      | HP: 2/68 [bullfrog skeleton (2)]
  3373 | D:5      | Slain by a howler monkey skeleton

Skill      XL: |  1  2  3  4  5  6  7 |
---------------+----------------------+-----
Fighting       | 4 5 |  5.2
Armour         | 4 5 |  5.3
Shields        | 4 5 |  5.4
Short Blades   | 3 4 5 |  5.7
Dodging        | 1 |  1.7
Throwing       | |  0.3
Stealth        | |  0.1

Action                   |  1- 3 |  4- 6 |  7- 9 || total
-------------------------+-------+-------+-------++-------
Melee: Rapier            |   151 |   125 |   136 ||   412
Throw: Tomahawk          |       |     5 |       ||     5
  Use: Scroll            |     3 |     2 |     3 ||     8
       Potion            |       |     1 |     6 ||     7
  Eat: Bread ration      |     1 |     1 |       ||     2
Armor: Scale mail        |    77 |    45 |    65 ||   187
Dodge: Dodged            |    64 |    38 |    51 ||   153
Block: Shield            |    81 |    67 |    59 ||   207
